 Dungeon Crawl Stone Soup version 0.22.0-36-g8e74550 (webtiles) character file.

3812 poirepourri the Thaumaturge (level 9, -11/45 HPs)
             Began as a Deep Elf Conjurer on Aug 24, 2018.
             Was an Elder of Vehumet.
             Mangled by Harold
             ... wielding a +0 halberd
              (20 damage)
             ... on level 9 of the Dungeon.
             The game lasted 00:12:03 (11533 turns).

poirepourri the Thaumaturge (Deep Elf Conjurer)    Turns: 11533, Time: 00:12:03

Health: -11/45     AC:  6    Str:  5    XL:     9   Next: 96%
Magic:  1/28       EV:  6    Int: 24    God:    Vehumet [****..]
Gold:   306        SH:  0    Dex: 15    Spells: 13/34 levels left

rFire    . . .     SeeInvis .   y - +2 short sword (freeze)
rCold    . . .     Gourm    .   (no shield)
rNeg     . . .     Faith    .   a - +2 robe
rPois    .         Spirit   .   w - +0 helmet
rElec    .         Reflect  .   m - +2 cloak
rCorr    +         Harm     .   o - +0 pair of gloves
MR       .....                  D - +0 pair of boots "Kionefru" {rCorr}
Stlth    ++........             (no amulet)
HPRegen  0.15/turn              j - ring of wizardry
MPRegen  0.21/turn              (no ring)

@: corroded, held, drained
A: no striking features
a: Renounce Religion


You were on level 9 of the Dungeon.
You worshipped Vehumet.
Vehumet was greatly pleased with you.
You were not hungry.

You visited 2 branches of the dungeon, and saw 10 of its levels.

You collected 306 gold pieces.

Inventory:

Hand Weapons
 f - a +3 vampiric dagger
 y - a +2 short sword of freezing (weapon)
Missiles
 u - 3 throwing nets (quivered)
Armour
 a - a +2 robe (worn)
 m - a +2 cloak (worn)
 o - a +0 pair of gloves (worn)
 w - a +0 helmet (worn)
 D - the +0 pair of boots "Kionefru" (worn) {rCorr}
   (You acquired it on level 9 of the Dungeon)

   It provides partial protection from all sources of acid and corrosion.
Jewellery
 j - a ring of wizardry (left hand)
 k - an uncursed ring of teleportation
Wands
 c - a wand of random effects (51)
 i - a wand of digging (15)
 s - a wand of paralysis (7)
 A - a wand of flame (33)
Scrolls
 b - a scroll of fog
 z - a scroll of fear
 B - a scroll of teleportation
Potions
 e - 2 potions of lignification {unknown}
 g - a potion of berserk rage
 h - a potion of invisibility
 l - 3 potions of brilliance
 n - a potion of resistance {unknown}
 p - 3 potions of cancellation
 r - 2 potions of curing
 x - a potion of might {unknown}
Comestibles
 t - 5 rations


   Skills:
 - Level 2.4(1.9) Dodging
 - Level 2.4(1.9) Stealth
 - Level 13.0(12.4) Spellcasting
 + Level 11.7(11.1) Conjurations


You had 13 spell levels left.
You knew the following spells:

 Your Spells              Type           Power        Failure   Level  Hunger
a - Magic Dart            Conj           ####         1%          1    None
b - Searing Ray           Conj           ######       1%          2    None
c - Dazzling Spray        Conj/Hex       #####.       1%          3    None
d - Iskenderun's Mystic   Conj           ######..     1%          4    None
e - Force Lance           Conj/Tloc      #####...     1%          4    None
f - Fulminant Prism       Conj/Hex       #####.....   1%          4    None
g - Mephitic Cloud        Conj/Pois/Air  ####....     1%          3    None

Your spell library contained the following spells:

 Spells                   Type           Power        Failure   Level  Hunger
 Inner Flame              Hex/Fire       ##......     1%          3    None


Dungeon Overview and Level Annotations

Branches:
Dungeon (9/15)             Temple (1/1) D:7            Lair (0/6) D:8
    Orc: D:9-12

Altars:
Ashenzari
Cheibriados
Dithmenos
Elyvilon
Fedhas
Gozag
Hepliaklqana
Kikubaaqudgha
Makhleb
Nemelex Xobeh
Okawaru
Qazlal
Ru
Sif Muna
Trog
Uskayaw
Vehumet
Wu Jian
Xom
Yredelemnul
Zin
The Shining One

Annotations:
D:9 Harold


Message History

Aim: Harold, wielding a halberd, wearing a scale mail and carrying a wand of acid (6) (severely wounded)
The magic dart hits Harold.
Harold is severely wounded.
Harold throws a throwing net.
The throwing net hits you.
You become entangled in the net!
There are no objects that can be picked up here. a throwing net Evoke which item? (* to show all) (? for menu, Esc to quit)
Aiming: Random Effects
Press: ? - help, Shift-Dir - straight line, f/p - Harold
Aim: Harold, wielding a halberd, wearing a scale mail and carrying a wand of acid (6) (severely wounded)
The bolt of poison misses Harold.
Evoke which item? (* to show all) (? for menu, Esc to quit)
Aiming: Random Effects
Press: ? - help, Shift-Dir - straight line, f/p - Harold
Aim: Harold, wielding a halberd, wearing a scale mail and carrying a wand of acid (6) (severely wounded)
The puff of frost hits Harold.
Harold appears unharmed.
Harold is severely wounded.
Harold hits you from afar with a halberd!!
You die...

#.............#.#.....
#......... ..###.....
####......######.........
#.........#....#.........
#.[.......#....+.........
###.......#....#.........
#.....>.#....#@########
#.......#....#.# #
###.......#....#@# .
..........#....'.# .
..........######.# .
#####........[...# .
#............# .
#...#######..# . #...#
#..# . #...# #..# .
.....# #...


You could see Harold.

Vanquished Creatures
  A hungry ghost (D:8)
  A sky beast (D:8)
  2 black bears (D:5)
  A necrophage (D:8)
  3 orc warriors
  A phantom (D:7)
  An ice beast (D:6)
  8 ogres
  5 centaurs
  2 bullfrogs
  A gnoll sergeant (D:7)
  2 scorpions
  4 killer bees (D:7)
  5 wights (D:8)
  4 howler monkeys
  4 crimson imps
  A quasit (D:6)
  A bullfrog zombie (D:5)
  A hound (D:9)
  Crazy Yiuf (D:3)
  3 orc priests
  A bullfrog skeleton (D:8)
  A jelly (D:5)
  A centaur skeleton (D:8)
  5 orc wizards
  5 worker ants
  Robin (D:3)
  7 gnolls
  5 adders
  2 adder zombies (D:6)
  An adder skeleton (D:6)
  4 worms
  4 dart slugs
  7 leopard geckos
  18 orcs
  3 giant cockroaches
  21 goblins
  12 hobgoblins
  6 jackals
  4 quokkas
  3 ball pythons
  10 bats
  5 frilled lizards
  8 kobolds
  8 rats
194 creatures vanquished.

Vanquished Creatures (others)
  2 fulminant prisms (D:8)
2 creatures vanquished.

Grand Total: 196 creatures vanquished

Notes
Turn   | Place    | Note
-------+----------+-------------------------------------------
     0 | D:1      | poirepourri the Deep Elf Conjurer began the quest for the Orb.
     0 | D:1      | Reached XP level 1. HP: 10/10 MP: 6/6
   168 | D:1      | Reached skill level 4 in Spellcasting
   168 | D:1      | Reached XP level 2. HP: 15/15 MP: 1/9
   275 | D:1      | Learned a level 2 spell: Searing Ray
   826 | D:2      | Reached skill level 5 in Spellcasting
   826 | D:2      | Reached XP level 3. HP: 19/19 MP: 0/11
   969 | D:2      | Found a radiant altar of Vehumet.
   974 | D:2      | Learned a level 3 spell: Dazzling Spray
   979 | D:2      | Became a worshipper of Vehumet
  1188 | D:2      | Found a shattered altar of Ashenzari.
  1360 | D:2      | Reached XP level 4. HP: 7/24 MP: 0/13
  1718 | D:2      | Reached skill level 6 in Spellcasting
  2194 | D:3      | Reached * piety under Vehumet
  2194 | D:3      | Offered knowledge of Shock by Vehumet.
  2194 | D:3      | Reached skill level 5 in Conjurations
  2331 | D:3      | Found a shimmering altar of Xom.
  2409 | D:3      | Reached XP level 5. HP: 22/28 MP: 11/16
  2477 | D:3      | Noticed Robin
  2485 | D:3      | Killed Robin
  2485 | D:3      | Reached skill level 7 in Spellcasting
  2784 | D:3      | Found a runed door.
  2875 | D:3      | Reached ** piety under Vehumet
  2875 | D:3      | Offered knowledge of Freeze by Vehumet.
  3049 | D:3      | Found an iron altar of Okawaru.
  3153 | D:3      | Noticed Crazy Yiuf
  3161 | D:3      | Killed Crazy Yiuf
  3203 | D:3      | Learned a level 4 spell: Iskenderun's Mystic Blast
  3208 | D:3      | Learned a level 4 spell: Force Lance
  3213 | D:3      | Learned a level 4 spell: Fulminant Prism
  3247 | D:4      | Reached skill level 8 in Spellcasting
  3247 | D:4      | Reached XP level 6. HP: 21/32 MP: 14/19
  3721 | D:4      | Reached skill level 9 in Spellcasting
  4670 | D:5      | Entered Level 5 of the Dungeon
  4703 | D:5      | Reached skill level 10 in Spellcasting
  4703 | D:5      | Reached XP level 7. HP: 36/36 MP: 10/22
  5220 | D:5      | Reached skill level 11 in Spellcasting
  5560 | D:6      | Reached XP level 8. HP: 41/41 MP: 19/25
  5639 | D:6      | Found a sacrificial altar of Ru.
  6202 | D:6      | Reached skill level 12 in Spellcasting
  6714 | D:6      | Offered knowledge of Mephitic Cloud by Vehumet.
  6765 | D:6      | Learned a level 3 spell: Mephitic Cloud
  7236 | D:6      | Reached skill level 13 in Spellcasting
  7416 | D:7      | Found a white marble altar of Elyvilon.
  7798 | D:7      | Found a staircase to the Ecumenical Temple.
  7852 | Temple   | Entered the Ecumenical Temple
  8639 | D:7      | Reached XP level 9. HP: 45/45 MP: 3/28
  8817 | D:7      | Reached *** piety under Vehumet
  8869 | D:7      | Found a snail-covered altar of Cheibriados.
  9610 | D:8      | Found a staircase to the Lair.
  9642 | D:8      | Reached skill level 10 in Conjurations
  9725 | D:8      | Offered knowledge of Inner Flame by Vehumet.
 10363 | D:8      | Reached **** piety under Vehumet
 11190 | D:9      | Found a burning altar of Makhleb.
 11201 | D:9      | Identified a scroll of acquirement
 11204 | D:9      | Got a pair of smoking boots
 11215 | D:9      | Identified the +0 pair of boots "Kionefru" {rCorr} (You acquired it on level 9 of the Dungeon)
 11500 | D:9      | Noticed Harold
 11533 | D:9      | Mangled by Harold

Skill      XL: |  1  2  3  4  5  6  7  8  9 |
---------------+----------------------------+-----
Spellcasting   | 4 5 6 8 10 11 13 | 13.0
Conjurations   | 5 7 11 | 11.7
Dodging        | |  2.4
Stealth        | |  2.4

Action                   |  1- 3 |  4- 6 |  7- 9 || total
-------------------------+-------+-------+-------++-------
Melee: Short sword       |    14 |       |       ||    14
Throw: Throwing net      |       |       |     1 ||     1
 Cast: Magic Dart        |    89 |    99 |    77 ||   265
       Searing Ray       |     3 |    14 |    28 ||    45
       Dazzling Spray    |       |    10 |    13 ||    23
       Iskenderun's Myst |       |       |    96 ||    96
       Fulminant Prism   |       |       |     2 ||     2
Evoke: Wand              |       |       |     6 ||     6
  Use: Scroll            |     5 |     6 |    15 ||    26
       Potion            |     1 |       |     6 ||     7
  Eat: Ration            |     1 |     2 |     6 ||     9
       Chunk             |       |     3 |       ||     3
Armor: Robe              |    12 |     8 |    19 ||    39
       Skin              |       |       |     1 ||     1
Dodge: Dodged            |    37 |    31 |    57 ||   125
